 Dungeon Crawl Stone Soup version 0.30-a0-542-ge43150dd35 (webtiles) character file.

Game seed: 12875289620516891629

4021 M4edhros the Covert (level 10, -4/59 HPs)
             Began as an Octopode Artificer on Dec 26, 2022.
             Was a Priest of Cheibriados.
             Killed from afar by a blizzard demon (36 damage)
             ... with a bolt of lightning
             ... on level 2 of the Abyss.
             The game lasted 00:27:32 (3670 turns).

M4edhros the Covert (Octopode Artificer)            Turns: 3670, Time: 00:27:32

Health: -4/59      AC:  3    Str: 17    XL:     10   Next: 23%
Magic:  10/10      EV: 18    Int: 18    God:    Cheibriados [***...]
Gold:   151        SH:  5    Dex: 21    Spells: 9/9 levels left

rFire   . . .      SeeInvis .      - Unarmed
rCold   . . .      Faith    .    (no shield)
rNeg    . . .      Spirit   .    h - +2 hat
rPois   .          Reflect  +    a - amulet of reflection
rElec   .          Harm     .    (no ring)
rCorr   .          Rampage  .    (no ring)
Will    .....                    (no ring)
Stlth   ++++++                   (no ring)
HPRegen 0.29/turn                (no ring)
MPRegen 0.12/turn                (no ring)
                                 (no ring)
                                 (no ring)

@: mighty, brilliant, very slow
A: almost no armour, amphibious, 8 rings, camouflage 1, gelatinous body 1,
(nimble swimmer 1), tentacles, clumsy 1, dopey 1
a: Renounce Religion, Bend Time, Temporal Distortion


You were on level 2 of the Abyss.
You worshipped Cheibriados.
Cheibriados was most pleased with you.
You visited 2 branches of the dungeon, and saw 10 of its levels.
You visited the Abyss 1 time.

You collected 286 gold pieces.
You spent 135 gold pieces at shops.

Inventory:

Hand Weapons
 i - a +0 mace of protection
 A - a +0 sling
Missiles
 m - 24 poisoned darts
 y - 41 stones
Armour
 h - a +2 hat (worn)
Magical Staves
 p - a staff of fire
Jewellery
 a - an amulet of reflection (around mantle)
Wands
 b - a wand of flame (9) (quivered)
 c - a wand of charming (10)
 d - a wand of iceblast (11)
 E - a wand of paralysis (5)
 F - a wand of quicksilver (10)
Scrolls
 e - a scroll of enchant armour {unknown}
 f - 3 scrolls of fear
 n - 3 scrolls of enchant weapon {unknown}
 o - 5 scrolls of vulnerability
 q - 3 scrolls of silence
 r - 5 scrolls of fog
 t - 3 scrolls of teleportation
 u - 4 scrolls of noise
 v - a scroll of summoning
 w - 3 scrolls of magic mapping
 C - a scroll of amnesia {unknown}
Potions
 g - 2 potions of haste
 j - 5 potions of curing
 s - 2 potions of heal wounds
 z - a potion of invisibility {unknown}
 D - a potion of lignification {unknown}


   Skills:
 + Level 1.4 Fighting
 + Level 6.8 Dodging
 + Level 9.3 Stealth
 * Level 9.1 Unarmed Combat
 + Level 7.8 Evocations


You had 9 spell levels left.
You didn't know any spells.
Your spell library contained the following spells:

 Spells                   Type           Power      Damage    Failure   Level
 Hailstorm                Conj/Ice       0%         3d3       54%         3
 Ice Form                 Ice/Tmut       0%         N/A       91%         4
 Simulacrum               Ice/Necr       0%         N/A       100%        6


Dungeon Overview and Level Annotations

Branches:
Dungeon (9/15)             Temple (1/1) D:6
   Lair: D:8-11         Orc: D:9-12

Altars:
Cheibriados
Elyvilon
Fedhas
Gozag
Hepliaklqana
Kikubaaqudgha
Nemelex Xobeh
Qazlal
Ru
Sif Muna
Uskayaw
Vehumet
Xom
Yredelemnul
Zin
The Shining One

Shops:
D:3 ?   D:5 :   D:6 *

Annotations:
D:6 1 runed translucent door, Heedrag's ghost, novice DsCj
D:7 exclusion: downstairs
D:9 Erolcha


Innate Abilities, Weirdness & Mutations

You cannot wear most types of armour.
You are amphibious.
You can wear up to eight rings at the same time.
Your skin changes colour to match your surroundings (Stealth+).
Your rubbery body absorbs attacks. (AC +1, EV +1)
((You are camouflaged when in or above water. (Stealth+)))
You have tentacles for arms and can constrict up to eight enemies at once.
You are clumsy. (Dex -2)
You are dopey. (Int -2)


Message History

You are suddenly pulled into a different region of the Abyss!
A raiju and a thrashing horror come into view.
A blizzard demon comes into view.
The blizzard demon gestures at you. The bolt of lightning misses you.
You hear a roar!
Aiming: Paralyse
Press: ? - help, Shift-Dir - straight line, f - blizzard demon
Aim: a blizzard demon (chance to affect: 0%)
Okay, then.
Okay, then.
Aiming: Charm
Press: ? - help, Shift-Dir - straight line, f - blizzard demon
Aim: a blizzard demon (chance to affect: 0%)
Okay, then.
Okay, then.
Okay, then.
It was a potion of brilliance.
You feel clever all of a sudden.
It was a potion of might.
You feel very mighty all of a sudden.
Your +0 mace of protection goes still.
You are now empty-tentacled.
You tentacle-slap the blizzard demon but do no damage.
You closely miss the blizzard demon. You squeeze the blizzard demon!
The blizzard demon is moderately wounded.
You block the blizzard demon's attack. The blizzard demon closely misses you.
You bludgeon the blizzard demon! Your squeeze misses the blizzard demon.
The blizzard demon is moderately wounded.
The blizzard demon waves its arms in wide circles.
The air twists around and strikes you!
You batter the blizzard demon!!
The blizzard demon is heavily wounded.
The blizzard demon closely misses you. You block the blizzard demon's attack.
You bludgeon the blizzard demon!
The blizzard demon is almost dead.
A glowing orange brain comes into view.
The blizzard demon gestures at you. The bolt of lightning hits you!!
The bolt of lightning hits you!!!
Ouch! That really hurt!
You die...

#. .. .. .G .
..##. #. .§..
## . ##.#..#
.. #. #.#..
.## #§# #..#
...# . #
##..##..#
#§#.#.#.#@.#
#..##.##2.##
# ...#. ....#
....#2.####.#
#..... ##
#...### #..#.
#..#.###
#.#..# ###
###


You could see a blizzard demon and a glowing orange brain.

Vanquished Creatures
  Pikel (D:4)
  An apocalypse crab (Abyss:1)
  A hellion (Abyss:1)
  An ancient zyme (Abyss:1)
  A wyvern (D:8)
  A steam dragon (D:8)
  2 water moccasins
  A sky beast (D:6)
  2 black bears
  A small abomination (Abyss:1)
  3 ogres
  An ice beast (D:7)
  A kobold brigand (D:7)
  A lemure (D:4)
  A gnoll sergeant (D:8)
  3 bullfrogs
  A necrophage (D:5)
  3 scorpions
  3 wights (D:6)
  A howler monkey (D:7)
  3 orc priests
  5 hounds
  2 iron imps (Abyss:1)
  Terence (D:2)
  4 iguanas
  2 orc wizards (D:4)
  10 gnolls
  7 adders
  A shadow imp (D:6)
  A white imp (D:7)
  An ufetubus (D:7)
  A worm (D:2)
  3 dart slugs
  24 orcs
  5 bats
  7 endoplasms
  2 giant cockroaches
  11 goblins
  12 hobgoblins
  10 jackals
  16 kobolds
  A quokka (D:1)
  5 ball pythons
  3 frilled lizards (D:1)
  4 rats
171 creatures vanquished.

Vanquished Creatures (collateral kills)
  Blork the orc (D:5)
  A gnoll (D:8)
2 creatures vanquished.

Vanquished Creatures (others)
  A steam dragon (D:8)
1 creature vanquished.

Grand Total: 174 creatures vanquished

Notes
Turn   | Place    | Note
-------+----------+-------------------------------------------
     0 | D:1      | M4edhros the Octopode Artificer began the quest for the
                  | Orb.
     0 | D:1      | Reached XP level 1. HP: 13/13 MP: 1/1
    85 | D:1      | Reached XP level 2. HP: 11/18 MP: 2/2
   121 | D:1      | Reached skill level 1 in Unarmed Combat
   310 | D:2      | Reached XP level 3. HP: 23/23 MP: 3/3
   349 | D:3      | Noticed a bullfrog
   354 | D:3      | Killed a bullfrog
   355 | D:3      | Reached XP level 4. HP: 26/28 MP: 4/4
   483 | D:3      | Found a glowing golden altar of the Shining One.
   521 | D:4      | Reached XP level 5. HP: 31/33 MP: 5/5
   652 | D:4      | Noticed a lemure
   652 | D:4      | Noticed Pikel
   653 | D:4      | Noticed a lemure
   654 | D:4      | Noticed a lemure
   673 | D:4      | Killed a lemure
   791 | D:4      | Reached XP level 6. HP: 35/38 MP: 6/6
   842 | D:4      | Killed Pikel
   843 | D:4      | Reached skill level 5 in Stealth
   843 | D:4      | Reached skill level 5 in Evocations
   843 | D:4      | Reached XP level 7. HP: 24/43 MP: 7/7
   931 | D:4      | Reached skill level 5 in Unarmed Combat
  1151 | D:5      | Entered Level 5 of the Dungeon
  1191 | D:5      | Reached XP level 8. HP: 44/48 MP: 8/8
  1249 | D:6      | Found Keomomp's Gadget Gallery.
  1293 | D:6      | Found a runed translucent door.
  1303 | D:6      | Noticed Heedrag's ghost (novice DsCj)
  1405 | D:7      | Found a blossoming altar of Fedhas.
  1448 | D:7      | Reached skill level 5 in Dodging
  1621 | D:6      | Reached XP level 9. HP: 53/53 MP: 9/9
  1655 | D:6      | Found a staircase to the Ecumenical Temple.
  1666 | Temple   | Entered the Ecumenical Temple
  1677 | Temple   | Became a worshipper of Cheibriados the Contemplative
  1795 | D:5      | Killed Blork the orc
  2071 | D:3      | Found Diumad's Magic Scroll Shoppe.
  2074 | D:3      | Bought a scroll of fear for 40 gold pieces
  2074 | D:3      | Bought a scroll of summoning for 95 gold pieces
  2104 | D:3      | Reached * piety under Cheibriados
  2298 | D:1      | Reached ** piety under Cheibriados
  2330 | D:2      | Noticed Terence
  2342 | D:2      | Killed Terence
  2482 | D:5      | Found Kath's Vocational Training.
  3008 | D:8      | Found an opulent altar of Gozag.
  3216 | D:8      | Reached *** piety under Cheibriados
  3266 | D:9      | Found a basalt altar of Yredelemnul.
  3305 | D:9      | Noticed Erolcha
  3305 | Abyss:1  | Cast into level 1 of the Abyss (Erolcha)
  3322 | Abyss:1  | Gained mutation: You have a pair of small antennae on your
                  | head. [potion of mutation]
  3322 | Abyss:1  | Gained mutation: You passively dampen the noise of your
                  | surroundings. [potion of mutation]
  3323 | Abyss:1  | Lost mutation: You passively dampen the noise of your
                  | surroundings. [potion of mutation]
  3323 | Abyss:1  | Lost mutation: You have a pair of small antennae on your
                  | head. [potion of mutation]
  3323 | Abyss:1  | Gained mutation: You are dopey. (Int -2) [potion of
                  | mutation]
  3323 | Abyss:1  | Gained mutation: You are clumsy. (Dex -2) [potion of
                  | mutation]
  3323 | Abyss:1  | Gained mutation: You have hidden genetic defects. [potion
                  | of mutation]
  3323 | Abyss:1  | Lost mutation: You have hidden genetic defects. [potion of
                  | mutation]
  3345 | Abyss:1  | Noticed a hellion
  3347 | Abyss:1  | Noticed an ancient zyme
  3354 | Abyss:1  | Killed a hellion
  3355 | Abyss:1  | Reached XP level 10. HP: 58/58 MP: 10/10
  3377 | Abyss:1  | Noticed a spatial maelstrom
  3425 | Abyss:1  | Noticed an apocalypse crab
  3443 | Abyss:1  | HP: 2/58 [apocalypse crab (9)]
  3445 | Abyss:1  | Killed an apocalypse crab
  3446 | Abyss:1  | Noticed a thrashing horror
  3546 | Abyss:1  | Noticed a worldbinder
  3632 | Abyss:2  | Noticed a thrashing horror
  3657 | Abyss:2  | Noticed a blizzard demon
  3670 | Abyss:2  | Noticed a glowing orange brain
  3670 | Abyss:2  | Killed from afar by a blizzard demon

Illustrated notes

Levels and vault maps discovered:
D:1:      lemuel_arrival_behind_the_door_large, layout_basic, serial_aquarium,
          aquarium_bridge_long_joined [aquarium_subvault_wall,
          aquarium_subvault_bridge, aquarium_subvault_window,
          aquarium_subvault_window, aquarium_subvault_wall,
          aquarium_subvault_balcony], aquarium_window_1, aquarium_window_fake,
          aquarium_window_1, aquarium_view_2e, aquarium_balcony_5a,
          chequers_serial_rivers_small_a, minmay_surrounded
D:2:      layout_rooms, basic_altar, serial_shops, shop,
          uniq_crazy_yiuf_cottage, uniq_terence, uniq_jessica
D:3:      layout_loops_ring, general_overflow_altar, serial_shops,
          nicolae_lakefront_shop
D:4:      corexii_shantytown, layout_cave_pods, uniq_pikel
D:5:      layout_loops_corners, nicolae_shop_vocational, uniq_blork_the_orc
D:6:      layout_loops_ring, minmay_temple_entry_stoned_glass,
          ebering_ghost_reflecting_pool, nicolae_concentric_dashed_squares_wild,
          nicolae_shop_gadgets
D:7:      layout_basic, lemuel_crystal_altar, nicolae_wu_jian_glorious_leap,
          dreamdust_princess_corridor
D:8:      layout_rooms, overflow_temple_1_default, mainiacjoe_overflow_alcove_1,
          special_room [special_room_orc]
D:9:      layout_rooms, lemuel_crystal_altar, serial_shops,
          nicolae_shop_temple_entry_statues_fountains, uniq_erolcha
Temple:   lightli_temple_of_artemis
Abyss:2:  base:
D:7

Skill      XL: |  1  2  3  4  5  6  7  8  9 10 |
---------------+-------------------------------+-----
Unarmed Combat | 1 2 3 4 5 6 8 9 |  9.1
Stealth        | 2 3 5 7 8 9 |  9.3
Dodging        | 3 4 5 6 |  6.8
Evocations     | 4 5 6 7 |  7.8
Fighting       | |  1.4

Action                   |  1- 3 |  4- 6 |  7- 9 | 10-12 || total
-------------------------+-------+-------+-------+-------++-------
Melee: Unarmed           |    38 |       |       |     5 ||    43
       Constrict         |    14 |    22 |    72 |     4 ||   112
       Tentacles         |    13 |    32 |    75 |    11 ||   131
       Mace              |    10 |    97 |   284 |    29 ||   420
       Punch             |     1 |     2 |    21 |     3 ||    27
Evoke: Wand              |       |     1 |    17 |     4 ||    22
  Use: Potion            |       |     2 |     3 |     6 ||    11
       Scroll            |       |       |     8 |     1 ||     9
 Stab: Sleeping          |     4 |     9 |    20 |       ||    33
       Distracted        |       |     2 |       |       ||     2
       Paralysed         |       |       |     9 |    21 ||    30
Armor: Skin              |     4 |    34 |    93 |     1 ||   132
Dodge: Dodged            |    23 |    61 |   237 |    13 ||   334
Block: Other             |     8 |    21 |    82 |     5 ||   116
       Reflection        |       |       |     1 |       ||     1

Table legend: (Time is in decaauts)
 A = Elapsed time spent in this place.
 B = Non-inter-level travel time spent in this place.
 C = Inter-level travel time spent in this place.
 D = Time resting spent in this place.
 E = Time spent auto-exploring this place.
 F = Levels seen in this place.
 G = Mean time per level.
                   A        B        C        D        E       F      G
               +--------+--------+--------+--------+--------+-----+--------+
         Total |   4551 |   4249 |    302 |     79 |      0 |  12 |  379.2 |
       Dungeon |   4020 |   3732 |    288 |      0 |      0 |   9 |  446.7 |
        Temple |     25 |     12 |     13 |      0 |      0 |   1 |   25.0 |
         Abyss |    505 |    505 |      0 |     79 |      0 |   2 |  252.5 |
               +--------+--------+--------+--------+--------+-----+--------+

Top non-repeatable levels by time:
     D:4: 907 daAuts
     D:5: 611 daAuts
     D:8: 553 daAuts
     D:6: 468 daAuts
     D:7: 411 daAuts
     D:1: 408 daAuts
 Abyss:1: 331 daAuts
     D:3: 320 daAuts
     D:2: 295 daAuts
 Abyss:2: 174 daAuts
     D:9: 42 daAuts
  Temple: 25 daAuts
